 Dungeon Crawl Stone Soup version 0.17-a0-1951-g62301d3 (webtiles) character file.

609 Ordine the Cruncher (level 7, -2/56 HPs)
             Began as a Minotaur Gladiator on Oct 3, 2015.
             Shot with an arrow by a centaur (14 damage)
             ... on level 5 of the Dungeon.
             The game lasted 00:10:15 (3714 turns).

Ordine the Cruncher (Minotaur Gladiator)            Turns: 3714, Time: 00:10:15

Health: -2/56      AC:  8    Str: 19    XL:     7   Next: 19%
Magic:  6/6        EV:  8    Int:  5    God:
Gold:   132        SH:  0    Dex: 13    Spells: 0 memorised, 6 levels left

rFire  . . .     SeeInvis .     a - +1 quarterstaff
rCold  . . .     Clarity  .     o - +0 chain mail
rNeg   . . .     SustAt   .     (no shield)
rPois  .         Gourm    +     c - +0 hat
rElec  .         Spirit   .     (no cloak)
rCorr  .         Warding  .     (no gloves)
rMut   .         Stasis   .     (no boots)
MR     .....                    f - amulet of the gourmand
Stlth  ..........               (no ring)
                                (no ring)

@: not resistant to hostile enchantments, extremely unstealthy
A: retaliatory headbutt, horns 2
a: no special abilities


You were on level 5 of the Dungeon.
You were completely stuffed.

You visited 2 branches of the dungeon, and saw 6 of its levels.

You collected 132 gold pieces.

Inventory:

Hand weapons
 a - a +1 quarterstaff (weapon)
Missiles
 d - 3 throwing nets (quivered)
Armour
 c - a +0 hat (worn)
 o - a +0 chain mail (worn)
Jewellery
 f - an amulet of the gourmand (around neck)
Scrolls
 b - 2 scrolls of noise
 h - 5 scrolls of identify
 j - a scroll of remove curse
 m - 2 scrolls of fear
Potions
 l - a potion of might
Books
 k - a book of the Warp

   Spells                             Type                      Level
   a - Recall                         Summoning/Translocation      3
   b - Gell's Gravitas                Hexes/Translocation          3
   c - Force Lance                    Conjuration/Translocation    4
   d - Phase Shift                    Translocation                5
   e - Warp Weapon                    Charms/Translocation         5
   f - Summon Forest                  Summoning/Translocation      5
Comestibles
 e - 3 bread rations
 n - 11 chunks of flesh


   Skills:
 - Level 2.4 Fighting
 + Level 10.0 Staves
 - Level 2.0 Throwing
 - Level 3.2 Dodging


You had 6 spell levels left.
You didn't know any spells.

Dungeon Overview and Level Annotations

Branches:
Dungeon (5/15)             Temple (1/1) D:4

Altars:
Ashenzari
Cheibriados
Gozag
Kikubaaqudgha
Nemelex Xobeh
Qazlal
Ru
Sif Muna
Trog
Vehumet
Xom
Yredelemnul
The Shining One


Innate Abilities, Weirdness & Mutations

You reflexively headbutt those who attack you in melee.
You have a pair of horns on your head.


Message History

You bump into the rock wall.
The quokka bites you but does no damage.
You're too confused to move!
The quokka bites you.
You're too confused to move!
The quokka bites you.
You hit the worker ant. You headbutt the worker ant.
The worker ant is severely wounded.
The quokka bites you but does no damage.
The worker ant bites you but does no damage.
You bump into the rock wall.
You feel less invigorated.
You feel less confused.
The centaur shoots an arrow.
The arrow hits you! The quokka bites you.
The worker ant bites you but does no damage.
The centaur shoots an arrow.
The arrow hits you.
* * * LOW HITPOINT WARNING * * *
The quokka bites you but does no damage.
You hit the worker ant. Your headbutt misses the worker ant.
The worker ant is severely wounded.
The worker ant bites you but does no damage.
The centaur shoots an arrow.
The arrow hits you!
You die...

#..........#
#..........#
#..........#
#..........#
#....).....#
#####(######
##########
##(#####
#........#
#rac...#
#........####
#@.....#
#...........#
#......#
########....#
#......#
#..<.#
#......#
#....#
#......#
#....#
#......#
#....#
#......#
########....#
#.[....#
.......'.)..#
##)#####


You could see a centaur, a worker ant and a quokka.

Vanquished Creatures
  Sigmund (D:4)
  An ogre (D:5)
  A crimson imp (D:5)
  A hound (D:5)
  4 worker ants
  A hound skeleton (D:5)
  4 gnolls
  7 adders
  A shadow imp (D:5)
  2 oozes
  2 worms
  3 giant geckos
  13 orcs
  A ball python (D:1)
  6 bats
  4 giant cockroaches
  7 goblins
  5 hobgoblins
  7 kobolds
  A quokka (D:2)
  A giant gecko skeleton (D:4)
  3 giant newts
  3 jackals (D:4)
  5 rats
84 creatures vanquished.

Notes
Turn   | Place    | Note
--------------------------------------------------------------
     0 | D:1      | Ordine the Minotaur Gladiator began the quest for the Orb.
     0 | D:1      | Reached XP level 1. HP: 18/18 MP: 0/0
    28 | D:1      | Reached skill level 4 in Staves
   115 | D:1      | Reached XP level 2. HP: 18/25 MP: 1/1
   373 | D:1      | Reached skill level 5 in Staves
   422 | D:1      | Reached XP level 3. HP: 30/30 MP: 2/2
   746 | D:2      | Reached skill level 6 in Staves
   746 | D:2      | Reached XP level 4. HP: 13/37 MP: 3/3
  1570 | D:3      | Reached XP level 5. HP: 40/42 MP: 4/4
  1696 | D:3      | Reached skill level 7 in Staves
  2323 | D:4      | Noticed Sigmund
  2339 | D:4      | Killed Sigmund
  2339 | D:4      | Reached skill level 8 in Staves
  2339 | D:4      | Reached XP level 6. HP: 40/50 MP: 5/5
  2378 | D:4      | Noticed a fire elemental
  2379 | D:4      | Found a stormy altar of Qazlal.
  2385 | D:4      | Noticed a water elemental
  2432 | D:4      | Found a staircase to the Ecumenical Temple.
  2438 | Temple   | Entered the Ecumenical Temple
  2694 | D:4      | Noticed an air elemental
  3041 | D:5      | Entered Level 5 of the Dungeon
  3062 | D:5      | Reached skill level 9 in Staves
  3412 | D:5      | Reached XP level 7. HP: 52/56 MP: 6/6
  3704 | D:5      | Reached skill level 10 in Staves
  3714 | D:5      | Shot with an arrow by a centaur

Vault maps used:
D:1:      scummos_arrival_forest
D:3:      first_bread, grunt_decor_arrowhead
D:4:      minmay_temple_entry_hall, grunt_ministairs_3,
          nicolae_qazlal_style_of_elements, uniq_sigmund
D:5:      old_forge, uniq_duvessa
Temple:   minmay_crystal_spiral_temple_12

Action                   |  1- 3 |  4- 6 |  7- 9 || total
-------------------------+-------+-------+-------++-------
Melee: Quarterstaff      |    53 |   132 |    22 ||   207
  Use: Scroll            |       |    10 |       ||    10
       Potion            |       |       |     1 ||     1
  Eat: Chunk             |     8 |     8 |     1 ||    17
